[Event "Swietokrzyskie IM Chess-ch 2022"]
[Site "Zagnansk"]
[Date "2022.05.01"]
[Round "3.1"]
[White "Kotyk, Michael"]
[Black "Sieciechowicz, IM Marcin"]
[Result "0-1"]
[ECO "E71"]
[WhiteElo "2170"]
[BlackElo "2388"]
[Annotator "TA"]
[PlyCount "152"]
[EventDate "2022.04.29"]
[EventCountry "POL"]
[SourceTitle "playchess.com"]
[Source "ChessBase"]
[SourceQuality "1"]
[TimeControl "40/5400+30:1800+30"]

1. d4 Nf6 2. c4 g6 3. Nc3 Bg7 4. e4 d6 5. h3 O-O 6. Be3 e5 7. d5 a5 8. g4 {[%emt 0:00:17] E71: King's Indian: 4 e4 d6 5 h3.} Na6 9. Nge2 Nc5 10. Ng3 {[%emt 0:00:08] White is slightly better.} c6 11. Be2 cxd5 12. cxd5 Bd7 13. g5 Ne8 14. h4 {[%emt 0:00:04] [#]} f5 $146 ({Predecessor:} 14... a4 15. Qd2 Rc8 16. h5 f6 17. hxg6 hxg6 18. gxf6 Nxf6 19. f3 Qe8 20. Rc1 Nh7 {½-½ (51) Olsen,F (2357)-Baenziger,F (2388) Kiel 2021}) 15. gxf6 Nxf6 16. h5 gxh5 17. Nxh5 Nxh5 18. Rxh5 Rc8 19. Kd2 {[%emt 0:10:17] Threatening Qh1.} b5 $2 (19... Be8 $11) 20. Qh1 $1 $18 (20. Qg1 b4 21. Nb5 Nxe4+ 22. Ke1 Qe8 $17) 20... b4 $2 (20... Rf6 $16) 21. Nb5 Be8 22. Rxh7 Bg6 {[%emt 0:00:11] [#]} 23. Rh4 ({Only move:} 23. Rxg7+ $1 $18 Kxg7 24. Qh6+ Kf7 25. Rg1) 23... Rf4 $1 $14 24. Rxf4 ({White should play} 24. Bxf4 $11 Nxe4+ 25. Ke1 exf4 26. Rxf4) 24... exf4 $15 {[%emt 0:00:41][%mdl 64] Discovered Attack} 25. Bxc5 Rxc5 26. Qh3 f3 {[%emt 0:17:38] Dancing on a razor blade.} (26... Qf6 $5 27. Qe6+ Qxe6 28. dxe6 f3 $17) 27. Qxf3 {[%emt 0:03:05] Black must now prevent Rg1.} (27. Qe6+ $2 Bf7 28. Qxd6 Qg5+ 29. Kd3 Rxb5 30. Bxf3 b3 $19) 27... Qg5+ 28. Qe3 Qe5 $36 {[%emt 0:00:53][%mdl 2048] Black has some pressure.} 29. Rc1 $2 (29. Rg1 $11 Qxb2+ 30. Ke1 Qb1+ 31. Bd1) 29... Rxc1 $19 (29... Qxb2+ 30. Kd1 $15) ({Inferior is} 29... Bxe4 30. Rxc5 dxc5 31. d6 $11) (29... Bh6 $2 30. Qxh6 Qxb2+ 31. Kd1 $18) 30. Kxc1 Bxe4 $2 (30... Qxb2+ $19 31. Kd1 Qxa2) 31. f3 $2 (31. b3 $11 {and White is okay.}) 31... Qxb2+ 32. Kd1 Qb1+ 33. Kd2 Qxa2+ 34. Ke1 Qa1+ $1 ({Weaker is} 34... Bxd5 35. Qe8+ Bf8 36. Qg6+ Bg7 37. Qe8+ Bf8 38. Qg6+ Bg7 39. Qe8+ $11) 35. Kf2 Bxd5 {[%emt 0:00:58] This bishop pair is nice.} 36. Qe8+ Bf8 37. Nxd6 Qd4+ 38. Kf1 Qf6 {[%emt 0:04:01] Inhibits Qg6+.} 39. Ne4 Qf7 (39... Qf5 $1 $17 {[%cal Oa5a4] aiming for ...a4!} 40. Ke1 b3) 40. Qe5 $11 Bg7 {[%emt 0:00:00] Inhibits Nf6+.} 41. Qb8+ Qf8 42. Qb5 Qd8 43. Kg2 (43. Bc4 $11 Bxc4+ 44. Qxc4+ Kh8 45. Qe6) 43... Kh8 $15 44. Bc4 {[%emt 0:02:31] Against b3} Bxc4 45. Qxc4 Qg8 (45... Qd7 $1 $15 {is more appropriate.} 46. Kf1 Qh3+ 47. Kf2 Qf5) 46. Qb5 $11 Bd4+ 47. Kh3 (47. Ng5 $1 $11 {was the only way to keep the balance.}) 47... Qe6+ $1 $17 48. Kh4 $2 {[%emt 0:06:22][%mdl 8192] [#]} (48. Kg2 $17 {was the crucial defense.}) 48... Bf6+ $2 (48... Qe5 $1 $19 49. Qb7 Qf4+ 50. Kh5 Qxf3+ 51. Kg6 Qg2+ 52. Kf5 Qh3+ 53. Kg6 Qg2+ 54. Kf5 Qh3+ 55. Kg6 Qe6+ 56. Kh5 Bf6 57. Nxf6 Qf5+ 58. Kh6 Qxf6+ 59. Kh5 Qf5+ 60. Kh6 Qe6+ 61. Kg5 b3) 49. Nxf6 $11 Qxf6+ {[%emt 0:00:01][%mdl 4096] Endgame KQ-KQ} 50. Kg4 Qe6+ 51. Kg5 $2 (51. Kf4 $11 {and White has nothing to worry.}) 51... Qe7+ $2 ({Better is} 51... Kg7 $19 {Hoping for ...b3.} 52. Qb7+ Qf7) 52. Kg4 $2 {[%emt 0:00:54][%mdl 8192] [#]} (52. Kf5 $11) 52... Qc7 $2 (52... b3 $1 $19 {( -> ...Qb4+)} 53. f4 b2) 53. f4 Kg7 54. f5 Kf8 55. Kg5 Qg3+ 56. Kh5 $1 Qh3+ 57. Kg5 Qe3+ 58. Kg4 Qa7 59. Kg5 Qg7+ 60. Kf4 Qd4+ 61. Kg5 Qd2+ 62. Kg4 Qd8 63. Qc5+ Kf7 64. Qa7+ Kg8 (64... Kf6 $5 65. Qa6+ Kg7 $11) 65. Kh5 b3 {[%emt 0:01:05] Threatens to win with ...b2.} 66. Kg6 Qe8+ 67. Kh6 Qc6+ 68. Kg5 a4 69. f6 Qg2+ 70. Kf5 b2 71. Qb8+ Kh7 72. f7 $2 (72. Qa7+ $11 Kh6 73. Qe3+ Kh7 74. Qa7+ Kg8 75. Qb8+ Kh7 76. Qa7+) 72... Qg6+ {[%emt 0:00:41] Black mates.} 73. Kf4 Qxf7+ 74. Kg5 Qg6+ 75. Kh4 b1=Q 76. Qb3 Qh1+ {[%emt 0:00:12] A wild game.  Weighted Error Value: White=0.80/Black=0.57} 0-1

[Event "Swietokrzyskie IM Chess-ch 2022"]
[Site "Zagnansk"]
[Date "2022.05.01"]
[Round "3.3"]
[White "Malek, Jan"]
[Black "Prokofiev, Valentyn"]
[Result "1-0"]
[ECO "C80"]
[WhiteElo "2316"]
[BlackElo "2287"]
[Annotator "TA"]
[PlyCount "81"]
[EventDate "2022.04.29"]
[EventCountry "POL"]
[SourceTitle "playchess.com"]
[Source "ChessBase"]
[SourceQuality "1"]
[TimeControl "40/5400+30:1800+30"]

1. e4 e5 2. Nf3 Nc6 3. Bb5 a6 4. Ba4 Nf6 5. O-O Nxe4 6. d4 Be7 7. Re1 b5 8. Rxe4 {[%emt 0:00:12] And now Bb3 would win. C84: Closed Ruy Lopez: Unusual White 6th moves.} d5 {[%emt 0:00:02] [#]} 9. Nxe5 $1 Nxe5 10. Rxe5 {[%emt 0:00:11] White is slightly better.} bxa4 11. Qe2 c6 12. Nc3 Ra7 13. Bf4 O-O 14. Re1 (14. Nxa4 Bd6 15. Re1 Bxe5 16. Qxe5 Bd7 $15) 14... Be6 {[%emt 0:02:43] [#]} 15. Nxa4 $146 ({Predecessor:} 15. Re3 a3 16. bxa3 Bf6 17. Qd2 c5 18. Ne2 c4 19. Ng3 Bh4 20. h3 Rb7 21. Nh5 {1-0 (47) Boudey,S (2000)-Bourgault,J (1966) ICCF email 2020}) 15... Bf6 16. Rxe6 fxe6 17. Nc5 Re7 18. Qd2 {[%emt 0:22:24][%mdl 1024] White has compensation.} (18. Nxe6 $2 Rfe8 19. c3 Qc8 $19) 18... Rfe8 19. Be5 ({Not} 19. Nxa6 Qb6 20. Nb4 (20. Nc5 $2 e5 $19) 20... Bxd4 $17) 19... Rf7 20. g3 Qb6 21. c3 Bxe5 22. Rxe5 Rf5 23. Rxe6 {[%emt 0:01:42] White is more active.} Rxe6 24. Nxe6 $14 {[%emt 0:00:04][%mdl 4096] Endgame KQR-KQN} h6 25. Nc5 Rf7 26. b3 (26. Qe2 $5 Qb5 27. Qc2 $16 (27. Qe8+ Rf8 $11)) 26... Re7 27. a4 Qd8 28. Nxa6 Qe8 {[%emt 0:00:36] Hoping for ...Re1+.} 29. Nc5 Re2 30. Qd3 Ra2 {[%emt 0:02:35] ...Qe1+ is the strong threat.} 31. Qf5 (31. Qf1 $14) 31... Qf7 32. Qxf7+ Kxf7 $11 {[%emt 0:00:03] KR-KN} 33. Kg2 Ke7 34. Kf3 Rc2 35. a5 {[%emt 0:00:25][%cal Ba4a5,Ba5a6][%mdl 32] Threatens to win with a6.} Rxc3+ $2 {[%emt 0:00:12][%mdl 8192] [#] Black cannot hold the game after this.} (35... Kd8 $14) 36. Kg2 $1 $18 {[%emt 0:01:18] White threatens a6 and mate.} Kd6 37. a6 {[%emt 0:00:06] a7 would kill now.} Rxc5 38. dxc5+ {[%emt 0:00:07] White mates.} Kc7 39. f4 Kb8 40. g4 Ka7 41. g5 {[%emt 0:16:22] Weighted Error Value: White=0.10 (very precise) /Black=0.35} 1-0

[Event "Swietokrzyskie IM Chess-ch 2022"]
[Site "Zagnansk"]
[Date "2022.05.01"]
[Round "3.4"]
[White "Manik, GM Mikulas"]
[Black "Wikar, WFM Martyna"]
[Result "1/2-1/2"]
[ECO "B31"]
[WhiteElo "2367"]
[BlackElo "2197"]
[Annotator "TA"]
[PlyCount "41"]
[EventDate "2022.04.29"]
[EventCountry "POL"]
[SourceTitle "playchess.com"]
[Source "ChessBase"]
[SourceQuality "1"]
[TimeControl "40/5400+30:1800+30"]

1. e4 c5 2. Nf3 Nc6 3. Bb5 g6 4. O-O Bg7 5. Re1 e5 6. b4 Nxb4 7. Bb2 {[%emt 0:00:36] B31: Sicilian: 2...Nc6 3 Bb5 g6.} a6 {[%emt 0:02:03] [#]} 8. a3 $1 axb5 (8... Nc6 9. Bxc6) 9. axb4 Rxa1 10. Bxa1 d6 11. bxc5 Ne7 12. Qe2 b4 {[%emt 0:02:01] The position is equal.} 13. Qb5+ Nc6 {[%emt 0:05:01] [#]} 14. cxd6 $146 ({Predecessor:} 14. d4 dxc5 15. Nxe5 Bxe5 16. dxe5 Qa5 17. Qxa5 Nxa5 18. e6 Rg8 19. exf7+ Kxf7 20. Nd2 {1-0 (41) Daggupati,B (2443)-Tarun,K (2343) Chess.com INT 2022}) 14... Qxd6 15. d3 O-O 16. Nbd2 Be6 17. Nc4 Bxc4 18. dxc4 Qc7 19. c3 bxc3 20. Bxc3 Nd4 21. Bxd4 {[%emt 0:04:30] Not much happened in this game.  Weighted Error Value: White=0.06 (flawless) /Black=0.04 (flawless)} 1/2-1/2

[Event "Swietokrzyskie IM Chess-ch 2022"]
[Site "Zagnansk"]
[Date "2022.05.01"]
[Round "3.5"]
[White "Vlachos, IM Anatole"]
[Black "Krzywda, CM Andrzej"]
[Result "1-0"]
[ECO "B31"]
[WhiteElo "2406"]
[BlackElo "2152"]
[Annotator "TA"]
[PlyCount "91"]
[EventDate "2022.04.29"]
[EventCountry "POL"]
[SourceTitle "playchess.com"]
[Source "ChessBase"]
[SourceQuality "1"]
[TimeControl "40/5400+30:1800+30"]

1. e4 {[%emt 0:00:01] Ramirez Alvarez,A} c5 2. Nf3 Nc6 3. Bb5 g6 4. Bxc6 dxc6 5. d3 Bg7 6. h3 Nf6 7. Nc3 Nd7 {[%emt 0:00:22] is now more promising than 7...0-0.} 8. Be3 e5 9. Qd2 h6 {[%emt 0:00:14] B31: Sicilian: 2...Nc6 3 Bb5 g6.} 10. O-O b6 11. Nh2 g5 {[%emt 0:00:19] The position is equal.} 12. Ne2 Nf8 13. Ng3 Ng6 {[%emt 0:00:12] [#]} 14. Nf5 $146 ({White should play} 14. a3 $14) ({Predecessor:} 14. a3 O-O 15. b4 cxb4 16. axb4 Nh4 17. f3 f5 18. exf5 Nxf5 19. Nxf5 Bxf5 20. Ra6 {½-½ (44) Caruana,F (2787)-Nakamura,H (2793) Saint Louis 2015 CBM 169 Extra [Ramirez Alvarez,A]}) 14... O-O (14... Bxf5 $15 15. exf5 Ne7) 15. Qe2 (15. Nxg7 $14 Kxg7 16. Qe2) 15... Bxf5 $11 16. exf5 Nf4 ({Better is} 16... Nh4 $11) 17. Qf3 Qd5 18. Qe4 (18. g3 $14) 18... Rfe8 (18... c4 $5 ) 19. Rfe1 Rad8 (19... c4 $11) 20. b3 $14 Qd7 21. Bc1 Nd5 22. Bb2 Nf6 23. Qf3 Nd5 24. Rab1 Qd6 25. a3 {[%emt 0:06:29] White stays focused until the end.} b5 26. Nf1 Nf6 27. Nd2 Qd5 28. Qxd5 Nxd5 29. Ne4 c4 30. dxc4 bxc4 31. bxc4 Nb6 {[%emt 0:01:08] [#]} (31... Nf6 $16 {keeps fighting.}) 32. c5 $1 $18 Nc4 {[%emt 0:02:19] [#]} 33. Bc1 {[%emt 0:00:32] Prevents Nd2.} Rd4 $2 (33... Rb8 {was worth a try.} 34. Rb4 Rxb4 35. axb4 Rd8) 34. c3 Rd5 35. Rb4 Na5 36. Be3 {[%emt 0:01:15] Threatens to win with Reb1.} Red8 (36... Ra8 $142 37. f6 Bf8) 37. Kf1 {[%emt 0:00:14] Strongly threatening Ra4.} Rd3 $2 (37... Ra8 38. Reb1 Rd7) 38. Ke2 {[%emt 0:00:47] White is clearly winning.} R3d7 39. Ra4 Nb7 40. Rxa7 Rc8 41. Rb1 Rcc7 42. Ra8+ Kh7 43. f6 Bh8 44. a4 Rd5 45. c4 Rdd7 46. g4 {[%emt 0:00:12] Weighted Error Value: White=0.22 (precise) /Black=0.47} 1-0

[Event "Swietokrzyskie IM Chess-ch 2022"]
[Site "Zagnansk"]
[Date "2022.05.02"]
[Round "4.1"]
[White "Sieciechowicz, IM Marcin"]
[Black "Krzywda, CM Andrzej"]
[Result "1/2-1/2"]
[ECO "A57"]
[WhiteElo "2388"]
[BlackElo "2152"]
[Annotator "TA"]
[PlyCount "146"]
[EventDate "2022.04.29"]
[EventCountry "POL"]
[SourceTitle "playchess.com"]
[Source "ChessBase"]
[SourceQuality "1"]
[TimeControl "40/5400+30:1800+30"]

1. d4 Nf6 2. c4 c5 3. d5 b5 4. Nf3 Bb7 5. Qc2 bxc4 6. e4 e6 {[%emt 0:00:10] A57: Benko/Volga Gambit.} 7. Bxc4 exd5 8. exd5 Bxd5 9. Bxd5 Nxd5 10. O-O {[%emt 0:00:39] [#] Qe4+ is the strong threat.} Be7 11. Re1 {[%emt 0:01:35] Hoping for Qxc5.} Na6 12. Qc4 Nac7 13. Bg5 O-O 14. Bxe7 Nxe7 15. Qxc5 Ne6 16. Qa3 Nc6 17. Nc3 d5 18. Rad1 d4 {[%emt 0:00:46] [#]} 19. Qa4 $146 ({Predecessor:} 19. Ne4 Qb6 20. Rd2 Rac8 21. Nd6 Rcd8 22. Nc4 Qb7 23. Nce5 Nxe5 24. Nxe5 Rd5 25. Nd3 {1-0 (55) Purdon,C (2057)-Whatley,S (2065) England 2015}) 19... Rc8 20. Ne2 Qb6 21. Nexd4 Ncxd4 22. Nxd4 Qxb2 23. Re2 Qb6 {[%emt 0:00:56] White must now prevent ...Nxd4.} 24. Nxe6 fxe6 25. h3 Rcd8 26. Rde1 Rd4 27. Qc2 Rdf4 28. Rf1 a5 29. Qd3 R4f6 30. Qe4 Qc5 31. Rc2 Qf5 32. Re1 Qg5 (32... Qxe4 $14 33. Rxe4 Rd8) 33. Qc6 Qf5 34. Qe4 Qg5 35. Re3 Qb5 36. Rb3 Qd7 37. Rd3 {[%emt 0:00:55] Against Qd1+} Qb5 {[%emt 0:00:36] Threatens to win with ...Qb1+.} 38. Rd1 {[%emt 0:03:35] Prevents Qb1.} Qb6 39. Qd4 Qb7 40. Qd7 Qe4 41. Qd3 Qh4 42. Qe3 Qh5 43. Rd7 Qf5 $1 44. Qd3 {[%emt 0:04:17] White is much more active.} Qe5 45. Qd4 (45. Qe2 $5 Qf5 46. Qd3 $14) 45... Qe1+ 46. Kh2 Qb4 {[%emt 0:01:54] [#]} ({Black should play} 46... h6 $14) 47. Qxb4 ({Better is} 47. Rcc7 $1 $16 R6f7 48. Qe3) 47... axb4 $16 {[%emt 0:00:04][%mdl 4096] Endgame KRR-KRR} 48. f3 R6f7 49. Rd6 Re7 50. Rb6 Ra8 51. Rxb4 Rea7 {[%emt 0:00:08] Prevents a4.} 52. Rbb2 Kf7 53. Re2 Ra3 54. Rb7+ Kf6 55. Re4 (55. Rb6 $14 {might be stronger.}) 55... R8a4 $11 {[%emt 0:02:37] The position is equal.} 56. Rxa4 Rxa4 {[%emt 0:00:02] KR-KR} 57. Rb2 h5 58. Kg3 g5 59. Re2 Kf5 60. Rf2 Ra3 61. Kh2 Kf4 62. Re2 e5 63. Kg1 Kf5 64. Kf2 g4 65. Kg3 gxf3 66. gxf3 Ra4 67. h4 Ra3 68. Rb2 Ra4 69. Rb6 e4 70. Rb5+ Kf6 71. f4 Ra3+ 72. Kf2 Rxa2+ 73. Ke3 Ra3+ {[%emt 0:00:00] Weighted Error Value: White=0.10 (very precise) /Black=0.07 (flawless)} 1/2-1/2

[Event "Swietokrzyskie IM Chess-ch 2022"]
[Site "Zagnansk"]
[Date "2022.05.02"]
[Round "4.2"]
[White "Wikar, WFM Martyna"]
[Black "Vlachos, IM Anatole"]
[Result "0-1"]
[ECO "C50"]
[WhiteElo "2197"]
[BlackElo "2406"]
[Annotator "TA"]
[PlyCount "96"]
[EventDate "2022.04.29"]
[EventCountry "POL"]
[SourceTitle "playchess.com"]
[Source "ChessBase"]
[SourceQuality "1"]
[TimeControl "40/5400+30:1800+30"]

1. e4 e5 2. Nf3 Nc6 3. Bc4 Bc5 4. d3 Nf6 5. O-O d6 6. c3 a6 7. Bb3 {[%emt 0:00:33] 7.a4 deserves study.} Ba7 8. Re1 h6 {[%emt 0:01:07] C54: Giuoco Piano: 4 c3 Nf6, main lines with 5 d4 and 5 d3.} 9. Nbd2 g5 10. Nf1 g4 {[%emt 0:01:09] Black has an edge.} 11. N3d2 Nh5 (11... h5 $11) 12. Nc4 $14 Qf6 13. Be3 Nf4 14. Bxa7 Nxa7 15. d4 {[%emt 0:02:44] [#] dxe5 is the strong threat.} Bd7 $146 ({Predecessor:} 15... Nc6 16. Nce3 Rg8 17. Nd5 Nxd5 18. exd5 Ne7 19. dxe5 dxe5 20. Ng3 Ng6 21. c4 Bd7 {1-0 (38) Rodchenkov,S (2346)-Myers,D (1990) Chess.com INT 2020}) 16. Nce3 O-O-O $1 17. Nd5 (17. Nxg4 $2 Qg7 18. Nfe3 h5 19. Nxe5 dxe5 $19) 17... Nxd5 18. Bxd5 h5 19. a4 $1 h4 20. Re3 ({White should play} 20. b4 $14) 20... Kb8 $11 21. b4 Nc8 $1 22. Bc4 (22. b5 $11) 22... Ne7 23. b5 a5 24. b6 cxb6 25. Rb1 Nc8 ({Better is} 25... exd4 $1 $17 26. Qxd4 Qxd4 27. cxd4 Bxa4) 26. dxe5 (26. Bb5 $11) 26... dxe5 $17 27. Bd5 Qe7 28. Qb3 Qc5 29. Bxf7 Rh6 30. Rd1 $2 (30. Bd5 $15) 30... Rf6 $1 $19 {[%emt 0:01:31] aiming for ...Qf8.} 31. Bc4 Nd6 ({Stronger than} 31... Bxa4 32. Qxa4 Rxd1 33. Qxd1 $17) 32. Be2 (32. Bd5 $142) 32... Bc6 33. Bxg4 {[%emt 0:02:19] [#]} Rdf8 $1 34. Bf3 {[%emt 0:02:08] [#]} Nxe4 35. Qc2 {[%emt 0:01:31] [#]} (35. Bxe4 Rxf2) 35... Rxf3 36. gxf3 $2 {[%emt 0:00:52] This costs White the game.} (36. Rxf3 $17 Rxf3 37. gxf3) 36... Rg8+ {[%emt 0:01:12] Black is clearly winning.} ({But not} 36... Ng5 $2 37. Nd2 $19) 37. Kh1 (37. Ng3 $142 Ng5 38. Qb3) 37... Ng5 38. Nd2 {[%emt 0:00:35] [#]} Nxf3 $1 39. Ne4 Qc4 40. Qe2 Qxe2 41. Rxe2 Rg4 42. h3 Rxe4 43. Rxe4 Bxe4 44. Rd8+ Kc7 45. Rh8 Bc6 46. Kg2 e4 47. Kf1 Bxa4 48. Ke2 Bc2 {[%emt 0:01:20] Weighted Error Value: White=0.60/Black=0.13 (very precise)} 0-1

[Event "Swietokrzyskie IM Chess-ch 2022"]
[Site "Zagnansk"]
[Date "2022.05.02"]
[Round "4.3"]
[White "Prokofiev, Valentyn"]
[Black "Manik, GM Mikulas"]
[Result "0-1"]
[ECO "E71"]
[WhiteElo "2287"]
[BlackElo "2367"]
[Annotator "TA"]
[PlyCount "90"]
[EventDate "2022.04.29"]
[EventCountry "POL"]
[SourceTitle "playchess.com"]
[Source "ChessBase"]
[SourceQuality "1"]
[TimeControl "40/5400+30:1800+30"]

1. d4 Nf6 2. c4 g6 3. Nc3 Bg7 4. e4 d6 5. h3 O-O 6. Be3 c6 7. Nf3 Na6 {[%emt 0:02:05] E90: King's Indian: Classical: Early deviations and 6 h3.} 8. Be2 e5 9. d5 Nc5 {[%emt 0:00:13] White is slightly better.} 10. Nd2 Nfd7 {[%emt 0:06:40] [#]} 11. O-O $146 ({Predecessor:} 11. g4) 11... f5 12. exf5 gxf5 13. f4 (13. Nb3 $14) 13... exf4 $1 $11 14. Bxf4 Qb6 {[%emt 0:00:58] ...Nd3+ is the strong threat.} 15. Kh1 (15. Bxd6 Qxb2 16. Rc1 (16. Bxf8 Nxf8 17. Rc1 Bxc3 $17) 16... Bxc3 $17) (15. Rb1 $11 {and White stays safe.}) 15... Qxb2 $19 16. Rf3 {[%emt 0:00:30] [#]} Ne5 $2 (16... Bxc3 17. Rb1 $16) (16... Na4 $1 $19 17. Nxa4 Qxa1 18. Qxa1 Bxa1 19. Bxd6 Re8) 17. Rb1 $16 {[%emt 0:13:22][%mdl 1024] White has strong compensation.} Qa3 18. Rg3 {[%emt 0:02:27] And now Nb3 would win.} Qa5 19. Bh5 $2 (19. Nb3 $16 Nxb3 20. Rxb3 (20. Qxb3 Kh8 $11)) 19... Ncd3 $1 $36 {[%emt 0:11:26][%mdl 2048] Black is in control.} ({Don't play} 19... Ned3 $6 20. Qf3 $1 Nxf4 21. Qxf4 $11) 20. Qf1 {[%emt 0:12:13][%cal Of4h6] Against Nf2+. Strongly threatening Bh6!} Qxc3 (20... Kh8 $17) 21. Be2 $1 $11 cxd5 22. Bxd3 {[%emt 0:05:18][%cal Od3e4] Hoping for Be4!} Qa5 ({But not} 22... Nxd3 23. Rxd3 Qf6 24. Rxd5 $16) ({Black should try} 22... Ng6 $11) 23. Qe2 (23. cxd5 $14 Kh8 24. Nf3 Qxd5 25. Rxg7 Qxd3 26. Bxe5 Qxf1+ 27. Rxf1 dxe5 28. Re7) 23... Kh8 (23... Qc7 $11 {keeps the balance.}) 24. Rxg7 Kxg7 25. Bxe5+ dxe5 26. Qxe5+ Kg8 27. Nf3 Qd8 28. cxd5 Qf6 {[%emt 0:01:05] White must now prevent ...Qxe5.} 29. Qf4 b6 30. Re1 Bd7 31. Ne5 Rae8 32. Re3 Re7 (32... Qg7 $2 33. Rg3 Rxe5 34. Rxg7+ Kxg7 35. Qxe5+ $18) 33. Rg3+ $2 (33. d6 $11 Rg7 34. Nxd7 Rxd7 35. Bc4+ Kh8 36. Re6) 33... Kh8 $19 34. Re3 {[%emt 0:00:28][%mdl 8192] [#]} (34. Nf3 $17 {is tougher.}) 34... Rfe8 $1 35. Nxd7 Qa1+ 36. Kh2 {[%emt 0:00:01] Rxe7 would kill now.} Rxe3 37. Bxf5 Re1 38. Be6 Rh1+ 39. Kg3 Rf1 40. Qc4 Qe1+ 41. Kg4 {[%emt 0:16:40] [#]} Rf7 $3 42. Qd4+ (42. Bxf7 Re4+) 42... Rg7+ 43. Kh5 Rxe6 44. dxe6 Qxe6 {[%emt 0:00:14] ( -> ...Qf5+)} 45. Nf6 Qf5+ {[%emt 0:00:05] Weighted Error Value: White=0.62/Black=0.24 (precise)} 0-1

[Event "Swietokrzyskie IM Chess-ch 2022"]
[Site "Zagnansk"]
[Date "2022.05.02"]
[Round "4.4"]
[White "Nowak, FM Lukasz"]
[Black "Malek, Jan"]
[Result "0-1"]
[ECO "A20"]
[WhiteElo "2376"]
[BlackElo "2316"]
[Annotator "TA"]
[PlyCount "180"]
[EventDate "2022.04.29"]
[EventCountry "POL"]
[SourceTitle "playchess.com"]
[Source "ChessBase"]
[SourceQuality "1"]
[TimeControl "40/5400+30:1800+30"]

1. c4 e5 2. g3 c6 3. Nf3 e4 4. Nd4 Nf6 5. Nc3 Qb6 6. Nb3 a5 7. d3 a4 8. Nd2 exd3 9. Bg2 d5 10. exd3 Bg4 11. Bf3 Be6 12. O-O Qa5 13. Qc2 Nbd7 14. b3 a3 15. d4 Bb4 16. Ne2 g6 17. Nb1 Bf5 18. Qd1 Bh3 19. Bg2 Bxg2 20. Kxg2 Ne4 21. c5 O-O 22. f3 Nef6 23. Bd2 Rfe8 24. Nf4 (24. Re1 $11 {deserves consideration.}) 24... g5 25. Nd3 Bxd2 26. Qxd2 Qxd2+ 27. Nxd2 Re3 $1 28. Nb4 Rae8 $1 29. Nb1 Re2+ 30. Rf2 Re1 (30... g4 $1 $17 31. f4 Re1) 31. Nc2 $11 Rc1 (31... Rd1 $11) 32. Nbxa3 $14 Rxa1 33. Nxa1 g4 34. N3c2 gxf3+ 35. Rxf3 Ne4 36. b4 Ra8 37. a3 Nd2 $1 38. Re3 Kf8 39. Nb3 Nc4 40. Re1 ({Better is} 40. Rf3 $16) 40... Nf6 $1 $11 41. Ra1 Re8 42. Re1 Ra8 43. Ra1 Re8 44. Kf3 Ne4 45. a4 Re6 46. Kg2 $1 Ned2 (46... Nc3 $11 {keeps the balance.} 47. Nc1 Re4) 47. Nc1 $1 $16 (47. Nxd2 Re2+ 48. Kf3 Rxd2 $11) 47... Nb3 48. Nxb3 Re2+ 49. Kh3 Rxc2 50. b5 Rb2 {[%emt 0:03:41] [#]} 51. bxc6 $1 bxc6 52. Nc1 Na5 {[%emt 0:00:03] [#]} 53. Ra2 $1 Rb8 54. Kg4 Kg7 55. Kf3 ({White should try} 55. Nd3 $16) 55... Rb1 56. Ne2 Rb3+ 57. Kf2 (57. Kf4 $16) 57... Kf6 $11 58. Nf4 Rb4 59. Ke3 Kf5 60. Nd3 Rb3 $1 61. Rf2+ Ke6 62. Ra2 Kf5 63. h3 $2 (63. g4+ $11 {and White is okay.} Kxg4 64. Rf2) 63... Nc4+ $19 64. Ke2 Ke4 65. Nf2+ (65. Ne1 $142) 65... Kxd4 $19 66. a5 Re3+ (66... Kxc5 67. Nd3+ Kd4 68. a6 $15) ({Worse is} 66... Rxg3 67. a6 Re3+ 68. Kf1) 67. Kd1 Rxg3 68. a6 Rg8 ({Inferior is} 68... Kxc5 69. a7 Nb6 70. a8=Q Nxa8 71. Rxa8 $11) 69. a7 Ra8 70. Ng4 Kxc5 71. Nf6 Kb6 72. Nd7+ (72. Nxh7 $17 {was necessary.} Rxa7 73. Rxa7 Kxa7 74. Nf6) 72... Kc7 73. Nc5 Nd6 74. Ra3 h6 ({Not} 74... Nb5 $2 75. Rf3) 75. h4 Nc8 76. Rf3 Rxa7 77. Rxf7+ $2 (77. Rf6) 77... Kb6 $19 78. Nd7+ Kb5 79. Ne5 Rxf7 80. Nxf7 h5 81. Ne5 Nd6 82. Nd3 Ne4 83. Nf4 Nf6 84. Kd2 Kc5 85. Ke3 Kd6 86. Nd3 c5 87. Kf4 d4 88. Kg5 c4 89. Nf4 d3 90. Ng2 c3 0-1

[Event "Swietokrzyskie IM Chess-ch 2022"]
[Site "Zagnansk"]
[Date "2022.05.02"]
[Round "4.5"]
[White "Kotyk, Michael"]
[Black "Chylewski, FM Patryk"]
[Result "0-1"]
[ECO "E36"]
[WhiteElo "2170"]
[BlackElo "2281"]
[Annotator "TA"]
[PlyCount "64"]
[EventDate "2022.04.29"]
[EventCountry "POL"]
[SourceTitle "playchess.com"]
[Source "ChessBase"]
[SourceQuality "1"]
[TimeControl "40/5400+30:1800+30"]

1. d4 Nf6 2. c4 e6 3. Nc3 Bb4 4. Qc2 d5 5. a3 Bxc3+ 6. Qxc3 dxc4 7. Qxc4 b6 {[%emt 0:02:17] E36: Nimzo-Indian: Classical: 4...d5 5 a3.} 8. Bg5 O-O 9. Nf3 Ba6 {[%emt 0:10:35] The position is equal.} 10. Qa4 Qd7 {[%emt 0:01:12] 10...h6 is setting a new trend.} 11. Qxd7 Nbxd7 12. e3 Bb7 13. Rc1 Rac8 14. Be2 c5 15. Bxf6 gxf6 16. O-O {[%emt 0:02:17] [#]} a6 $146 ({Predecessor:} 16... Rfd8 17. Rfd1 f5 18. Kf1 Bxf3 19. gxf3 cxd4 20. Rxc8 Rxc8 21. Rxd4 Ne5 {½-½ (31) Ma,Q (2637)-Bu,X (2713) China 2017}) 17. Rfd1 b5 18. dxc5 Nxc5 19. Nd4 Na4 20. Rxc8 Rxc8 21. b3 (21. b4 $15) 21... Nc3 $17 22. Rc1 {[%emt 0:01:41][%mdl 8192] [#] Now White is beyond hope.} (22. Rd2 $17) 22... e5 $19 23. Bg4 Rc7 {[%emt 0:01:58] Black is clearly winning.} 24. Nc2 Na2 25. Ra1 Rxc2 26. Bf5 Rc1+ 27. Rxc1 Nxc1 28. Bc2 a5 29. Kf1 Bd5 30. b4 axb4 31. axb4 Na2 32. Bd3 Bc4 {[%emt 0:00:15] Weighted Error Value: White=0.57/Black=0.04 (flawless)} 0-1